 Dungeon Crawl Stone Soup version 0.32-a0-131-g9dbbe29261 (webtiles) character file.

Game seed: 11826683708292762658

42 kae the Changeling (level 3, -1/40 HPs)
             Began as a Demonspawn Shapeshifter on Feb 8, 2024.
             Succumbed to a gnoll's poison
             ... on level 1 of the Dungeon.
             The game lasted 00:00:32 (740 turns).

kae the Changeling (Demonspawn Shapeshifter)         Turns: 740, Time: 00:00:32

Health: -1/40      AC:  2    Str: 14    XL:     3   Next: 33%
Magic:  3/3        EV: 12    Int: 10    God:
Gold:   12         SH:  0    Dex: 14    Spells: 2/2 levels left

rFire   . .          .
                       - Unarmed
rCold   . . .        (no shield)
rNeg    . . .        a - +0 animal skin
rPois   .            (helmet currently unavailable)
rElec   .            (cloak currently unavailable)
rCorr   .            (gloves currently unavailable)
SInv    .            (boots currently unavailable)
Will    .....        (no amulet) Stlth
                     (no ring)
HPRegen 0.26/turn    (no ring)
MPRegen 0.08/turn

%: no passive effects
@: berserking (expiring), lethally poisoned (-1 -> -10), beast-form, very quick
A: beast (slay +1), sturdy frame 1
a: Begin Untransformation


You were on level 1 of the Dungeon.
You were a hulking beast.
You visited 1 branch of the dungeon, and saw 2 of its levels.

You collected 12 gold pieces.


Innate Abilities, Weirdness & Mutations

You are a hulking beast.
Your limbs bulge with bestial killing power. (Slay +1)
Your movements are slightly less encumbered by armour. (ER -2)


   Skills:
 + Level 1.7 Fighting
 - Level 1.7 Dodging
 + Level 3.0 Unarmed Combat
 * Level 3.3 Shapeshifting


You had 2 spell levels left.
You didn't know any spells.
Your spell library was empty.

Inventory:

Missiles
 j - 26 stones (quivered)
Armour
 a - a +0 animal skin (worn)
Talismans
 c - a beast talisman
 d - a flux talisman
Scrolls
 e - a scroll of enchant weapon {unknown}
 g - a scroll of identify {unknown}
 h - a scroll of immolation {unknown}
 k - a scroll of fear {unknown}
Potions
 b - a potion of lignification {!q}
 i - a potion of curing {unknown}
 l - a potion of enlightenment {unknown}

Dungeon Overview and Level Annotations

Branches:
Dungeon (2/15) Zot: 11263

Altars:

#.####
##.....##.#.###..##.#
#.#
##...###.#.###..##.#
#.# ##'##
#.#......##.# #.# #(#
#.#..###.##.# #.
####.####........##.#
#...†..####..######.#
#.#....# #.........#
#....).# ##.########
#.#..h.# #.#
#.##.........# .
#.#.####### ## ..#.#
##. .# [. .# #. ## #.


There were no monsters in sight!


Message History

You have reached level 3!
Your experience leads to an increase in your attributes!
Increase (S)trength, (I)ntelligence, or (D)exterity?
You feel agile. x2 😕 HP[+2] MP[+1]
You now have 26 max hp (+5).
You regained 2 hp, and now have 23/26 hp.
Your mp is fully restored (3).
You hit the kobold.
You kill the kobold!
j - 22 stones (gained 4)
You see here a +0 short sword.
You open the door.
A kobold comes into view. It is wielding a +0 short sword.
There is an open door here. 😎 HP[+3]
Your hp is fully restored (26).
The kobold shouts!
A kobold is nearby!
The kobold hits you with a +0 short sword. 😕 HP[-1]
You take 1 damage, and now have 25/26 hp.
A kobold is nearby!
You hit the kobold. The kobold closely misses you.
You hit the kobold but do no damage.
The kobold hits you with a +0 short sword. 😕 HP[-1]
You take 1 damage, and now have 24/26 hp.
A kobold is nearby!
A kobold is nearby!
You barely miss the kobold. The kobold barely misses you.
You barely miss the kobold. The kobold barely misses you.
A kobold is nearby!
You hit the kobold.
You kill the kobold!
No target in view! 😕 HP[+1]
You now have 27 max hp (+1).
j - 26 stones (gained 4)
Things that are here:
a +0 short sword; a kobold corpse You now have 8 gold pieces.
Key pressed, stopping explore.
No target in view!
No target in view! 😎 HP[+2]
Your hp is fully restored (27).
l - a green potion No target in view!
No target in view!
You now have 12 gold pieces (gained 4).
You open the door.
A rat comes into view.
There is an open door here.
A gnoll comes into view. It is wielding a +2 spear of venom.
You see here 2 poisoned darts.
There are monsters nearby!
The gnoll shouts!
You hit the rat.
You kill the rat!
A gnoll is nearby!
A gnoll is nearby!
The gnoll hits you with a +2 spear of venom.
You are poisoned. 😕 HP[-5]
You take 5 damage, and now have 22/27 hp.
You barely miss the gnoll.
You feel very sick.
The gnoll hits you with a +2 spear of venom.
You are lethally poisoned! 😮 HP[-6]
You take 6 damage, and now have 16/27 hp.
MASSIVE DAMAGE!! (PAUSE)
You hit the gnoll.
* * * LOW HITPOINT WARNING * * *
You feel very sick.
The gnoll hits you with a +2 spear of venom!
* * * LOW HITPOINT WARNING * * *
😱 HP[-11]
You take 11 damage, and now have 5/27 hp.
MASSIVE DAMAGE!! (PAUSE) It was a potion of berserk rage.
A red film seems to cover your vision as you go berserk!
You feel yourself moving faster!
You feel mighty!
* * * LOW HITPOINT WARNING * * *
You feel very sick. The gnoll closely misses you. 😱 HP[-2]
You now have 40 max hp (+13).
You punch the gnoll!
You kill the gnoll!
* * * LOW HITPOINT WARNING * * *
You feel sick.
* * * LOW HITPOINT WARNING * * *
You feel sick.
Things that are here:
a +2 spear of venom; a gnoll corpse; 😱 HP[-2]
You take 2 damage, and now have 1/40 hp.
You feel a strong urge to attack something.
You die...

Skill      XL: |  1  2 |
---------------+-------+-----
Shapeshifting  | 3 |  3.3
Unarmed Combat | 3 |  3.0
Fighting       | |  1.7
Dodging        | |  1.7

Action                     || total
---------------------------++-------
  Melee: Unarmed           ||    70
         Punch             ||     2
    Use: Potion            ||     1
   Stab: Sleeping          ||     3
 Armour: Animal skin       ||    29
  Dodge: Dodged            ||    31

Levels and vault maps discovered:
D:1:      spicycebolla_green_bress_n_ham, layout_loops_corners,
          dreamdust_ecumenical_altar_grove
D:2:      wander_river, layout_loops_ring

Notes
Turn   | Place    | Note
-------+----------+-------------------------------------------
     0 | D:1      | kae the Demonspawn Shapeshifter began the quest for the
                  | Orb.
     0 | D:1      | Reached XP level 1. HP: 15/15 MP: 1/1
     0 | D:1      | magus.rc [v1.11.3]
   126 | D:1      | Gained mutation: Your movements are slightly less
                  | encumbered by armour. (ER -2) [demonic ancestry]
   126 | D:1      | Reached XP level 2. HP: 17/21 MP: 2/2
   164 | D:1      | Reached skill level 3 in Shapeshifting
   254 | D:1      | You fall into a shaft and drop 1 floor!
   501 | D:1      | Reached skill level 3 in Unarmed Combat
   620 | D:1      | Reached XP level 3. HP: 23/26 MP: 3/3
   736 | D:1      | HP: 5/27 [gnoll/+2 spear of venom (7)]
   739 | D:1      | HP: 1/40 [poisoned by a gnoll]
   740 | D:1      | Succumbed to a gnoll's poison

Vanquished Creatures
  A gnoll (D:1)
  2 dart slugs (D:1)
  3 ball pythons
  2 endoplasms (D:1)
  2 goblins (D:2)
  A hobgoblin (D:1)
  4 jackals (D:1)
  2 quokkas (D:1)
  A bat (D:1)
  A frilled lizard (D:1)
  5 kobolds (D:1)
  2 rats (D:1)
26 creatures vanquished.

Table legend:
 A = Non-vault XP
 B = Vault XP
 C = Vault XP percentage of total XP
 D = Non-vault monster count
 E = Vault monster count
 F = Vault count percentage of total count
                 A         B        C        D         E       F
            +---------+---------+-------+---------+---------+-------
      Total |      60 |       0 |   0.0 |      26 |       0 |   0.0
            +---------+---------+-------+---------+---------+-------
        D:1 |      55 |       0 |   0.0 |      23 |       0 |   0.0
        D:2 |       5 |       0 |   0.0 |       3 |       0 |   0.0
            +---------+---------+-------+---------+---------+-------

Skill      XL: |  1  2 |
---------------+-------+-----
Shapeshifting  | 3 |  3.3
Unarmed Combat | 3 |  3.0
Fighting       | |  1.7
Dodging        | |  1.7

Action                     || total
---------------------------++-------
  Melee: Unarmed           ||    70
         Punch             ||     2
    Use: Potion            ||     1
   Stab: Sleeping          ||     3
 Armour: Animal skin       ||    29
  Dodge: Dodged            ||    31

Illustrated notes

Table legend:
 A = Kills in this place as a percentage of kills in the entire game.
 B = Kills by you in this place as a percentage of kills by you in the entire game.
 C = Kills by friends in this place as a percentage of kills by friends in the entire game.
 D = Other kills in this place as a percentage of other kills in the entire game.
 E = Experience gained in this place as a percentage of experience gained in the entire game.
 F = Experience gained in this place divided by the number of levels of this place that you have seen.
                   A       B       C       D       E      F
               +-------+-------+-------+-------+-------+----------------------
         Total | 100.0 | 100.0 |   N/A |   N/A | 100.0 |  30.0
       Dungeon | 100.0 | 100.0 |   N/A |   N/A | 100.0 |  30.0
               +-------+-------+-------+-------+-------+----------------------

Table legend: (Time is in decaauts)
 A = Elapsed time spent in this place.
 B = Non-inter-level travel time spent in this place.
 C = Inter-level travel time spent in this place.
 D = Time resting spent in this place.
 E = Time spent auto-exploring this place.
 F = Levels seen in this place.
 G = Mean time per level.
                   A        B        C        D        E       F      G
               +--------+--------+--------+--------+--------+-----+--------+
         Total |    736 |    736 |      0 |      0 |    588 |   2 |  368.0 |
       Dungeon |    736 |    736 |      0 |      0 |    588 |   2 |  368.0 |
               +--------+--------+--------+--------+--------+-----+--------+

Top non-repeatable levels by time:
     D:1: 667 daAuts
     D:2: 68 daAuts
